 Dungeon Crawl Stone Soup version 0.21.0-22-g11d5b52 (webtiles) character file.

5941 4thArraOfDagon the Covert (level 10, -15/45 HPs)
             Began as a Felid Air Elementalist on Jan 18, 2018.
             Killed from afar by an electric eel (19 damage)
             ... with a bolt of electricity
             ... on level 1 of the Lair of Beasts.
             The game lasted 00:59:59 (11414 turns).

4thArraOfDagon the Covert (Felid Air Elementalist) Turns: 11414, Time: 01:00:00

Health: -15/45     AC:  4    Str:  4    XL:     10   Next: 54%
Magic:  15/19      EV: 26    Int: 20    God:
Gold:   876        SH:  0    Dex: 17    Spells: 0/20 levels left
                                        Lives:  0   Deaths: 2

rFire    + . .     SeeInvis +     - Unarmed
rCold    . . .     Gourm    .   (shield unavailable)
rNeg     . . .     Faith    .   (armour unavailable)
rPois    .         Spirit   .   (helmet unavailable)
rElec    .         Reflect  .   (cloak unavailable)
rCorr    .         Harm     +   (gloves unavailable)
MR       +....                  (boots unavailable)
Stlth    +++++.....             d - amulet of harm
HPRegen  0.15/turn              t - +2 ring of protection
MPRegen  0.16/turn              n - ring of protection from fire

@: quick
A: very small, no armour, no weapons or thrown items, stealth, claws 1, fangs 3,
see invisible, carnivore, speed 1, shaggy fur 2, slow metabolism 1, sharp paws
a: no special abilities


You were on level 1 of the Lair of Beasts.
You were very full.

You visited 3 branches of the dungeon, and saw 17 of its levels.
You also visited: Labyrinth.

You collected 876 gold pieces.

Inventory:

Jewellery
 d - an amulet of harm (around neck)
 i - an uncursed ring of see invisible
 j - a cursed amulet of inaccuracy
 n - a ring of protection from fire (right paw)
 q - an uncursed ring of fire
 r - an uncursed ring of flight
 t - a +2 ring of protection (left paw)
Wands
 g - a wand of polymorph (48)
 h - a wand of flame (5)
 y - a wand of random effects (59)
 A - a wand of digging (15)
 B - a wand of enslavement (19)
 H - a wand of disintegration (17)
 J - a wand of acid (11)
 M - a wand of paralysis (11)
Scrolls
 e - 5 scrolls of amnesia
 f - 6 scrolls of remove curse
 k - a scroll of fog
 p - 2 scrolls of teleportation {unknown}
 s - 6 scrolls of magic mapping
 x - 2 scrolls of fear
 G - a scroll of acquirement {unknown}
Potions
 c - a potion of resistance
 m - 2 potions of brilliance
 o - a potion of haste
 u - a potion of agility
 v - a potion of curing
 w - a potion of berserk rage
 z - a potion of flight {unknown}
 F - a potion of ambrosia
 I - 3 potions of heal wounds
 K - a potion of cancellation {unknown}
Books
 a - a book of Air

   Spells                             Type                      Level
   a - Shock                          Conjuration/Air              1
   b - Swiftness                      Charms/Air                   2
   c - Static Discharge               Conjuration/Air              3
   d - Airstrike                      Air                          4
   e - Lightning Bolt                 Conjuration/Air              5
 l - a book of Alchemy

   Spells                             Type                      Level
   a - Sublimation of Blood           Necromancy                   2
   b - Ignite Poison                  Fire/Transmutation/Poison    3
   c - Petrify                        Transmutation/Earth          4
   d - Alistair's Intoxication        Transmutation/Poison         5
   e - Irradiate                      Conjuration/Transmutation    5
 E - a book of Changes

   Spells                             Type                      Level
   a - Beastly Appendage              Transmutation                1
   b - Sticks to Snakes               Transmutation                2
   c - Spider Form                    Transmutation/Poison         3
   d - Ice Form                       Ice/Transmutation            4
   e - Blade Hands                    Transmutation                5
 L - a book of Necromancy

   Spells                             Type                      Level
   a - Pain                           Necromancy                   1
   b - Animate Skeleton               Necromancy                   1
   c - Vampiric Draining              Necromancy                   3
   d - Regeneration                   Charms/Necromancy            3
   e - Animate Dead                   Necromancy                   4
   f - Borgnjor's Vile Clutch         Necromancy/Earth             5
Miscellaneous
 C - a lamp of fire
 D - a phantom mirror
Comestibles
 b - 25 rations


   Skills:
 - Level 6.2 Fighting
 + Level 10.1 Dodging
 + Level 10.8 Stealth
 * Level 10.5 Unarmed Combat
 * Level 5.9 Spellcasting
 - Level 2.5 Conjurations
 * Level 4.4 Transmutations
 - Level 7.0 Air Magic


You couldn't memorise any spells.
You knew the following spells:

 Your Spells              Type           Power        Failure   Level  Hunger
a - Shock                 Conj/Air       ####         1%          1    None
b - Airstrike             Air            ####......   6%          4    ####...
c - Swiftness             Chrm/Air       ###.....     3%          2    None
d - Lightning Bolt        Conj/Air       ####......   38%         5    #####..
e - Blade Hands           Tmut           ###.......   43%         5    #####..
f - Regeneration          Chrm/Necr      #.........   32%         3    ##.....


Dungeon Overview and Level Annotations

Branches:
Dungeon (15/15)            Temple (1/1) D:6            Lair (1/6) D:9
    Orc (0/2) D:12
 Vaults: D:13-14     Depths: D:15

Altars:
Ashenzari
Elyvilon
Fedhas
Gozag
Makhleb
Qazlal
Sif Muna
Uskayaw
Wu Jian
Yredelemnul

Shops:
D:12 (

Annotations:
D:3 2 transporters
D:7 1 runed door


Innate Abilities, Weirdness & Mutations

You cannot wear armour.
You are incapable of wielding weapons or throwing items.
Your paws allow you to move quietly. (Stealth)
You have sharp claws.
You have razor-sharp teeth.
You have supernaturally acute eyesight. (SInv)
You are carnivorous and can eat meat at any time.
You cover ground quickly.
You are covered in thick fur. (AC +2)
You have a slow metabolism.
Your sharp claws are effective at attacking unaware monsters.


Message History

You eviscerate the water moccasin!!!
You kill the water moccasin!
The electric eel shoots out a bolt of lightning at you!
The bolt of electricity misses you.
Unknown command.
The electric eel shoots out a bolt of lightning at you!
The bolt of electricity hits you! x2
Unknown command.
Casting: Airstrike
Confirm with . or Enter, or press ? or * to list all spells.
Aiming: Airstrike
Press: ? - help, Dir - move target cursor, f - electric eel
Aim: an electric eel The air twists around and strikes the electric eel!
The electric eel is almost dead.
The electric eel shoots out a bolt of lightning at you!
The bolt of electricity hits you!
* * * LOW HITPOINT WARNING * * *
The bolt of electricity hits you!
You die...

#### ##≈≈♣#
P≈≈≈♣# #
#♣♣PP≈≈♣≈#
#≈≈;≈≈≈P#
♣P.@..≈#
#.....#≈#
##......#
##......##
#######..P##P.P#
#####P##.##..##
####
#.............#
#...........#.+
#..<.......)..#


You could see an electric eel.

Vanquished Creatures
  A minotaur (Lab)
  2 two-headed ogres
  An ogre mage (D:7)
  2 unseen horrors (D:11)
  A deep elf mage (D:14)
  An orb spider (shapeshifter) (D:13)
  2 cyclopes
  A centaur zombie (D:13)
  A gargoyle (D:11)
  2 trolls
  Prince Ribbit (D:7)
  A wraith (D:14)
  A wyvern (D:14)
  A yak (D:12)
  3 hungry ghosts
  4 vampire mosquitoes (D:13)
  Edmund (D:4)
  An acid dragon (D:14)
  A soldier ant (D:11)
  A water moccasin (Lair:1)
  4 sky beasts
  2 ice beasts (D:13)
  4 orc warriors
  2 black bears
  2 necrophages (D:7)
  3 ogres
  The ghost of Gorglomux the Sneak, an amateur MfSk (D:3)
  6 centaurs
  A crocodile (D:7)
  A big kobold (D:12)
  5 bullfrogs
  2 water moccasin skeletons (D:7)
  3 killer bees (D:13)
  8 howler monkeys
  5 wights (D:6)
  5 bullfrog zombies
  3 crimson imps
  11 hounds
  7 jellies
  A quasit (D:14)
  5 orc priests
  3 bullfrog skeletons
  5 centaur skeletons
  An iguana (D:13)
  5 orc wizards
  4 worker ants
  Natasha (thrice) (D:2)
  2 hound skeletons
  2 worker ant zombies
  9 adders
  3 shadow imps
  3 oozes
  3 adder skeletons
  3 adder zombies (D:7)
  A worm (D:2)
  3 dart slugs
  A leopard gecko (D:5)
  32 orcs
  2 ball pythons
  4 giant cockroaches
  10 goblins
  5 hobgoblins
  11 jackals
  15 kobolds
  5 quokkas
  5 bats
  6 frilled lizards
  A jackal zombie (D:7)
  4 rats
261 creatures vanquished.

Notes
Turn   | Place    | Note
-------+----------+-------------------------------------------
     0 | D:1      | 4thArraOfDagon the Felid Air Elementalist began the quest for the Orb.
     0 | D:1      | Reached XP level 1. HP: 7/7 MP: 4/4
    21 | D:1      | Reached skill level 1 in Conjurations
   222 | D:2      | Found a basalt altar of Yredelemnul.
   224 | D:2      | Found a hide-covered altar of Uskayaw.
   226 | D:2      | Found a stormy altar of Qazlal.
   310 | D:2      | Reached XP level 2. HP: 11/11 MP: 4/6
   337 | D:2      | Noticed Natasha
   352 | D:2      | Killed Natasha
   352 | D:2      | Reached XP level 3. HP: 14/14 MP: 0/7
   826 | D:2      | Found a stormy altar of Qazlal.
   839 | D:2      | Noticed Terence
   970 | D:3      | Noticed Ijyb
  1017 | D:3      | Found a transporter.
  1083 | D:3      | Found a transporter.
  1099 | D:3      | Reached XP level 4. HP: 17/18 MP: 4/8
  1105 | D:3      | Learned a level 4 spell: Airstrike
  1427 | D:4      | Noticed Edmund
  1494 | D:4      | Reached XP level 5. HP: 14/21 MP: 1/9
  1559 | D:5      | Entered Level 5 of the Dungeon
  1675 | D:5      | Noticed an ogre
  1729 | D:5      | Killed an ogre
  1729 | D:5      | Reached skill level 5 in Air Magic
  1801 | D:6      | Gained mutation: You are covered in thick fur. (AC +2) [Felid growth]
  1801 | D:6      | Reached XP level 6. HP: 24/24 MP: 2/10
  1808 | D:6      | Learned a level 2 spell: Swiftness
  2259 | D:7      | Noticed a sky beast
  2381 | D:7      | Reached XP level 7. HP: 20/27 MP: 4/11
  2530 | D:7      | Found a runed door.
  2689 | D:7      | Noticed Prince Ribbit
  2693 | D:7      | Killed Prince Ribbit
  2693 | D:7      | Reached skill level 1 in Fighting
  2693 | D:7      | Reached skill level 1 in Unarmed Combat
  2820 | D:6      | Found a staircase to the Ecumenical Temple.
  2834 | Temple   | Entered the Ecumenical Temple
  2835 | Temple   | screw it!
  3115 | D:5      | Noticed a basilisk
  3115 | D:5      | a sky beast changed into a basilisk
  3239 | D:3      | Noticed Gorglomux's ghost (amateur MfSk)
  3258 | D:3      | Killed Gorglomux's ghost
  3258 | D:3      | Reached XP level 8. HP: 31/33 MP: 0/12
  3578 | D:2      | Noticed Natasha
  3601 | D:2      | Killed Natasha
  3652 | D:2      | Noticed Natasha
  3675 | D:2      | Killed Natasha
  3732 | D:2      | Noticed Terence
  3732 | D:2      | Terence changed into Terence the hound
  3744 | D:2      | Killed Terence the hound
  4155 | D:3      | Noticed Ijyb
  4155 | D:3      | Ijyb changed into Ijyb the worker ant
  4157 | D:3      | Killed Ijyb the worker ant
  4455 | D:4      | Killed Edmund
  4455 | D:4      | Reached skill level 5 in Stealth
  4919 | D:6      | Reached skill level 5 in Dodging
  5216 | D:7      | Found a burning altar of Makhleb.
  5216 | D:7      | Found an opulent altar of Gozag.
  5233 | D:7      | Reached skill level 5 in Unarmed Combat
  5461 | D:7      | Found a white marble altar of Elyvilon.
  5461 | D:7      | Found a deep blue altar of Sif Muna.
  5507 | D:7      | Reached XP level 9. HP: 27/39 MP: 2/13
  5542 | D:7      | Identified the Disquisition on Intoxication
  5914 | D:7      | Found a blossoming altar of Fedhas.
  6022 | D:7      | Noticed an ogre mage
  6067 | D:7      | Learned a level 5 spell: Lightning Bolt
  6109 | D:7      | Killed an ogre mage
  6328 | D:8      | Noticed a two-headed ogre
  6762 | D:8      | Killed a two-headed ogre
  6762 | D:8      | Reached skill level 5 in Fighting
  6762 | D:8      | Reached XP level 10. HP: 44/44 MP: 1/14
  6868 | D:9      | Found an opulent altar of Gozag.
  7017 | D:9      | Found a staircase to the Lair.
  7070 | D:9      | jacquesderrida: Degon
  7241 | D:10     | Entered Level 10 of the Dungeon
  7586 | D:11     | Found a labyrinth entrance.
  7603 | Lab      | Entered a labyrinth
  8027 | Lab      | Noticed a minotaur
  8034 | Lab      | Killed a minotaur
  8087 | D:11     | Noticed a gargoyle
  8090 | D:11     | Killed a gargoyle
  8096 | D:11     | Noticed an unseen horror
  8162 | D:11     | Killed an unseen horror
  8270 | D:11     | Noticed an unseen horror
  8279 | D:11     | Killed an unseen horror
  8466 | D:12     | Noticed a manticore
  8554 | D:12     | Found Buwkey Hoyp's Weapon Emporium.
  8554 | D:12     | Found a staircase to the Orcish Mines.
  8723 | D:11     | Reached XP level 11. HP: 48/48 MP: 9/17
  8915 | D:12     | Noticed a two-headed ogre
  8917 | D:12     | Killed a two-headed ogre
  8917 | D:12     | Reached skill level 10 in Stealth
  9197 | D:12     | Learned a level 5 spell: Blade Hands
  9278 | D:12     | Noticed a death knight
  9419 | D:14     | Found a white marble altar of Elyvilon.
  9502 | D:14     | Reached skill level 1 in Transmutations
  9578 | D:13     | Noticed a centaur warrior
  9712 | D:15     | Entered Level 15 of the Dungeon
  9729 | D:15     | Hit by a large rock thrown by a cyclops
  9730 | D:15     | Reached XP level 10. HP: -3/45 MP: 15/18
  9734 | D:15     | Killed a cyclops
  9842 | D:13     | Noticed an orb spider
  9847 | D:13     | Killed an orb spider
  9847 | D:13     | Reached skill level 10 in Unarmed Combat
  9988 | D:14     | Noticed a deep elf mage
 10007 | D:14     | Killed a deep elf mage
 10007 | D:14     | Reached skill level 5 in Spellcasting
 10200 | D:15     | Noticed an ogre mage
 10200 | D:15     | Noticed a two-headed ogre
 10200 | D:15     | Noticed a two-headed ogre
 10200 | D:15     | Noticed a two-headed ogre
 10200 | D:15     | Noticed a two-headed ogre
 10201 | D:15     | Slain by a two-headed ogre
 10202 | D:15     | Reached XP level 9. HP: -1/41 MP: 11/17
 10215 | D:15     | Noticed a death knight
 10267 | D:13     | Killed a cyclops
 10352 | D:14     | matthes123: never slave asterion the fallen king
 10368 | D:13     | matthes123: !!lg matthes123
 10386 | D:13     | matthes123: !lg matthes123
 10392 | D:13     | beem: 544. matthes123 the Acrobat (L22 MfGl of Yredelemnul), blasted by Asterion the spectral minotaur (orb of electricity) on Depths:2 on 2018-01-18 08:55:53, with 363362 points after 51617 turns and 3:16:54.
 10395 | D:13     | Reached XP level 10. HP: 45/45 MP: 12/19
 10418 | D:13     | Noticed a gargoyle
 10816 | D:13     | Noticed a cyclops
 10942 | D:13     | Reached skill level 10 in Dodging
 10955 | D:13     | Learned a level 3 spell: Regeneration
 11399 | Lair:1   | Entered Level 1 of the Lair of Beasts
 11414 | Lair:1   | Killed from afar by an electric eel

Skill      XL: |  1  2  3  4  5  6  7  8  9 10 11 |
---------------+----------------------------------+-----
Conjurations   | 1 2 |  2.5
Air Magic      | 3 4 5 6 7 |  7.0
Fighting       | 2 3 5 6 |  6.2
Dodging        | 4 5 7 10 | 10.1
Stealth        | 4 6 8 9 10 | 10.8
Unarmed Combat | 3 5 7 10 | 10.5
Spellcasting   | 5 4 |  5.9
Transmutations | 3 4 1 |  4.4

Action                   |  1- 3 |  4- 6 |  7- 9 | 10-12 || total
-------------------------+-------+-------+-------+-------++-------
Melee: Unarmed           |    13 |     7 |   104 |   146 ||   270
       Bite              |       |     2 |     3 |    10 ||    15
       Punch             |       |       |     1 |     8 ||     9
 Cast: Shock             |    58 |    70 |   161 |    64 ||   353
       Airstrike         |       |     5 |    55 |    95 ||   155
       Lightning Bolt    |       |       |     2 |       ||     2
Evoke: Wand              |       |       |    36 |    10 ||    46
  Use: Potion            |     2 |     1 |     4 |       ||     7
       Scroll            |     1 |     9 |     5 |     2 ||    17
 Stab: Sleeping          |     2 |     2 |     1 |    19 ||    24
       Paralysed         |       |       |     2 |     2 ||     4
       Distracted        |       |       |       |     2 ||     2
  Eat: Chunk             |     9 |     3 |    23 |    33 ||    68
Armor: Skin              |     2 |     2 |     9 |     9 ||    22
Dodge: Dodged            |    28 |    26 |   170 |   163 ||   387
